 Dungeon Crawl Stone Soup version 0.29.1-15-g9cfb28693d (webtiles) character file.

Game seed: 13261847776411665319

48 growler the Insei (level 3, -1/26 HPs)
             Began as a Merfolk Transmuter on Apr 28, 2023.
             Slain by a ball python (3 damage)
             ... on level 2 of the Dungeon.
             The game lasted 00:03:03 (1826 turns).

growler the Insei (Merfolk Transmuter)              Turns: 1826, Time: 00:03:03

Health: -1/26      AC:  2    Str: 10    XL:     3   Next: 72%
Magic:  6/6        EV: 12    Int: 14    God:
Gold:   65         SH:  0    Dex: 14    Spells: 4/7 levels left

rFire   . . .      SeeInvis .     - Unarmed
rCold   . . .      Faith    .   (no shield)
rNeg    . . .      Spirit   .   a - +0 robe
rPois   .          Reflect  .   (no helmet)
rElec   .          Harm     .   (no cloak)
rCorr   .          Rampage  .   (no gloves)
Will    .....                   (no boots)
Stlth   +.........              (no amulet)
HPRegen 0.08/turn               i - ring of flight
MPRegen 0.10/turn               (no ring)

@: flying
A: (nimble swimmer 2), mertail
a: no special abilities


You were on level 2 of the Dungeon.
You visited 1 branch of the dungeon, and saw 2 of its levels.

You collected 65 gold pieces.

Inventory:

Armour
 a - a +0 robe (worn)
Jewellery
 i - a ring of flight (left hand)
Scrolls
 c - 2 scrolls of immolation {unknown}
 d - a scroll of amnesia {unknown}
 e - a scroll of enchant armour {unknown}
 f - 2 scrolls of teleportation {unknown}
 h - a scroll of identify {unknown}
Potions
 b - a potion of lignification
 g - 2 potions of curing {unknown}
 j - a potion of magic {unknown}


   Skills:
 - Level 1.1 Fighting
 - Level 2.6 Dodging
 + Level 3.9 Unarmed Combat
 + Level 2.6 Spellcasting
 + Level 3.7 Transmutations


You had 4 spell levels left.
You knew the following spells:

 Your Spells              Type           Power      Damage    Failure   Level
a - Beastly Appendage     Tmut           24%        N/A       4%          1
b - Wereblood             Tmut           12%        N/A       7%          2

Your spell library contained the following spells:

 Spells                   Type           Power      Damage    Failure   Level
 Spider Form              Tmut/Pois      7%         N/A       30%         3
 Ignite Poison            Fire/Tmut/Pois 5%         N/A       36%         3
 Mephitic Cloud           Conj/Pois/Air  1%         N/A       56%         3
 Ice Form                 Ice/Tmut       7%         N/A       71%         4
 Freezing Cloud           Conj/Ice/Air   0%         6-21      99%         5


Dungeon Overview and Level Annotations

Branches:
Dungeon (2/15)

Altars:


Innate Abilities, Weirdness & Mutations

((You are very nimble when in or above water. (Stealth+, EV+, Speed+++)))
Your lower body shifts to a powerful aquatic tail in water.


Message History

A gnoll comes into view. It is wielding a +0 halberd.
A jackal comes into view.
The ball python bites you. The ball python misses you.
The kobold throws a stone.
The stone hits you.
A rat comes into view.
The ball python barely misses you. The ball python grabs you.
The ball python constricts you.
You escape the ball python's grasp.
The rat closely misses you.
A jackal comes into view.
The ball python closely misses you. The ball python barely misses you.
The rat attacks as you move away! The rat barely misses you.
Your horns disappear.
The jackal barks! x2; You hear a shout!
The kobold hits you with a +0 whip.
The gnoll hits you from afar with a +0 halberd!
Ouch! That really hurt!
* * * LOW HITPOINT WARNING * * *
The ball python closely misses you. The ball python grabs you.
The ball python constricts you.
You escape the ball python's grasp.
The ball python attacks as you move away!
The ball python barely misses you. The ball python closely misses you.
The ball python bites you but does no damage.
The ball python grabs you. The ball python constricts you.
* * * LOW HITPOINT WARNING * * *
You escape the ball python's grasp.
The ball python attacks as you move away!
The ball python barely misses you. The ball python closely misses you.
The ball python attacks as you move away!
The ball python barely misses you.
The ball python attacks as you move away!
The ball python closely misses you. x2
The ball python completely misses you. The ball python closely misses you.
The ball python attacks as you move away!
The ball python completely misses you. The ball python closely misses you.
The ball python attacks as you move away!
The ball python barely misses you.
The ball python attacks as you move away!
The ball python misses you. x2; The ball python bites you.
You die...

#.# #.# #h# #.# #.# #.# #.#
#.# #K# #.# #.# #.# #### #.#
#.############.# ...# #.#
##.#...K.hgg....###### ##.#
#.#####....############.....
##.###..........S# #.####
.......#.###....@# #...#
##.#####.# ##.#..# ###.#
##.# #.# #.#..# #.# ##.# #.#
#.#..###### ######.## ##.#
#.# #.#.......# #........
...#
#.####.#..####.###......##
...#
#(..†..............######
...# #....###...###.###.#
#.######.##.# #.#.# #.# #.#


You could see a ball python.

Vanquished Creatures
  A gnoll (D:2)
  A worm (D:2)
  A dart slug (D:2)
  3 ball pythons
  A bat (D:1)
  4 endoplasms (D:1)
  2 giant cockroaches
  2 goblins (D:1)
  2 hobgoblins (D:2)
  5 kobolds
  5 quokkas
  2 frilled lizards
  A rat (D:2)
30 creatures vanquished.

Notes
Turn   | Place    | Note
-------+----------+-------------------------------------------
     0 | D:1      | growler the Merfolk Transmuter began the quest for the Orb.
     0 | D:1      | Reached XP level 1. HP: 15/15 MP: 3/3
   348 | D:1      | Reached XP level 2. HP: 21/21 MP: 3/5
   948 | D:1      | Learned a level 2 spell: Wereblood
  1501 | D:2      | Reached XP level 3. HP: 22/26 MP: 6/6
  1699 | D:2      | Identified the +0 chain mail of the Pits of Slime {Harm}
  1775 | D:2      | Noticed a golden eye
  1777 | D:2      | Found a faded altar of an unknown god.
  1780 | D:2      | Noticed a great orb of eyes
  1780 | D:2      | Noticed an eye of devastation
  1780 | D:2      | Noticed a great orb of eyes
  1802 | D:2      | HP: 1/26 [gnoll/+0 halberd (14)]
  1814 | D:2      | HP: 1/26 [constriction (1)]
  1826 | D:2      | Slain by a ball python

Illustrated notes

Levels and vault maps discovered:
D:1:      ncdulo_lavacross, layout_loops_ring, hex_large
D:2:      layout_loops_ring, hellmonk_ecumenical_altar_watching_god,
          minmay_ruptured

Skill      XL: |  1 |
---------------+----+-----
Transmutations | 3 |  3.7
Fighting       | |  1.1
Dodging        | |  2.6
Unarmed Combat | |  3.9
Spellcasting   | |  2.6

Action                   || total
-------------------------++-------
Melee: Unarmed           ||   104
       Headbutt          ||     7
       Punch             ||     2
 Cast: Beastly Appendage ||    16
 Stab: Sleeping          ||     1
Armor: Robe              ||    14
Dodge: Dodged            ||    69
